AoeStats
← carlosnour

Black Forest

508737315Analyzed
3v3 RM · 8d ago on Sep 23, 2026· 67m 5s· 6 players
Game mode
Random Map
Map size
Normal (6 player)
Population
200
Speed
Normal
Resources
Standard
Victory
Conquest
Starting age
Dark Age
Ending age
Imperial Age
RankedLock teamsTeams togetherTeam positionsShared explorationLock speedFull tech treeHidden civsTurbo modeCheats
Victory
Defeat
🇦🇷 Persians · Argentina
565
+9
🇦🇷 Turks · Argentina
559
+9
🇵🇪 Japanese · Peru
555
+9
🇦🇷 Persians · Argentina
438
-11
🇨🇷 Persians · Costa Rica
393
-9
🇪🇸 Spanish · Spain
335
-7
ashred
11:50 Feudal Age
13:56 Double-Bit Axe
24:18 Castle Age
23:29 Horse Collar
27:03 Wheelbarrow
26:57 Bow Saw
30:28 Gold Mining
30:29 Stone Mining
30:44 Caravan
31:15 Heavy Plow
34:26 Hand Cart
35:11 Stone Shaft Mining
36:09 Husbandry
36:19 Scale Barding Armor
41:21 Imperial Age
38:36 Loom
38:37 Town Watch
38:43 Town Watch
38:43 Loom
39:45 Gold Shaft Mining
41:22 Masonry
41:33 Ballistics
41:04 Heated Shot
41:04 Guard Tower
41:11 Murder Holes
42:28 Heavy Scorpion
44:16 Conscription
44:11 Citadels
43:54 Cavalier
44:45 Bloodlines
44:40 Town Patrol
46:53 Crop Rotation
48:05 Two-Man Saw
47:47 Elite War Elephant
51:36 Savar
52:22 Onager
65:59 Architecture
66:27 Siphons
Daraco
0:27 Loom
22:08 Feudal Age
33:04 Horse Collar
33:15 Double-Bit Axe
35:41 Castle Age
34:14 Stone Mining
34:15 Gold Mining
carlosnour
3:14 Loom
11:51 Feudal Age
14:41 Double-Bit Axe
20:59 Castle Age
19:03 Gold Mining
21:00 Horse Collar
22:03 Stone Mining
22:57 Bow Saw
26:44 Wheelbarrow
29:26 Heavy Plow
31:55 Bloodlines
31:46 Husbandry
32:00 Inquisition
32:30 Fortified Wall
33:54 Sanctity
33:49 Fervor
36:52 Imperial Age
34:42 Hand Cart
39:35 Block Printing
40:11 Conscription
39:40 Pikeman
40:21 Squires
40:59 Halberdier
44:14 Elite Conquistador
45:17 Supremacy
46:18 Ballistics
47:01 Scale Barding Armor
47:08 Forging
46:59 Scale Mail Armor
47:26 Guilds
49:40 Chain Barding Armor
50:57 Iron Casting
50:08 Onager
52:38 Gambesons
54:04 Chemistry
53:45 Illumination
56:42 Plate Barding Armor
57:27 Blast Furnace
59:42 Chain Mail Armor
Emitah
12:58 Feudal Age
17:02 Double-Bit Axe
17:02 Horse Collar
21:23 Castle Age
31:35 Imperial Age
31:10 Caravan
32:50 Wheelbarrow
32:00 Town Watch
32:33 Scale Barding Armor
34:38 Hand Cart
35:10 Town Patrol
35:41 Heavy Plow
35:57 Bow Saw
40:58 Chain Barding Armor
40:48 Forging
44:22 Elite War Elephant
45:51 Iron Casting
45:52 Plate Barding Armor
48:16 Husbandry
48:27 Bloodlines
47:38 Cavalier
53:29 Savar
61:21 Blast Furnace
Frambu
0:41 Loom
23:39 Feudal Age
27:51 Double-Bit Axe
32:16 Wheelbarrow
32:52 Wheelbarrow
36:48 Scale Mail Armor
39:08 Castle Age
37:07 Horse Collar
42:57 Hand Cart
42:29 Town Watch
42:30 Fishing Lines
44:05 Caravan
44:38 Town Patrol
45:24 Forging
45:30 Chain Mail Armor
49:16 Gillnets
52:16 Fortified Wall
52:02 Murder Holes
52:28 Ballistics
54:43 Imperial Age
52:52 Heavy Plow
53:11 Gold Mining
53:12 Stone Mining
54:14 Bow Saw
58:58 Two-Man Saw
62:13 Iron Casting
62:10 Plate Mail Armor
63:56 Squires
63:17 Pikeman
64:22 Stone Mining
65:08 Gold Shaft Mining
64:07 Elite Samurai
65:03 Halberdier
frankasu -
8:46 Loom
12:11 Feudal Age
17:23 Double-Bit Axe
18:07 Gold Mining
18:07 Stone Mining
18:04 Horse Collar
19:28 Stone Mining
25:03 Castle Age
23:49 Padded Archer Armor
23:41 Fletching
26:09 Heavy Plow
26:46 Gold Shaft Mining
28:08 Bow Saw
32:24 Leather Archer Armor
32:08 Bodkin Arrow
33:17 Wheelbarrow
33:50 Masonry
34:01 Ballistics
33:39 Murder Holes
33:57 Fortified Wall
34:17 Hand Cart
33:49 Town Watch
34:40 Caravan
36:29 Treadmill Crane
39:47 Imperial Age
37:18 Town Patrol
37:24 Town Patrol
41:09 Architecture
42:52 Two-Man Saw
42:31 Guilds
41:54 Elite Janissary
43:12 Hoardings
42:39 Artillery
42:10 Sappers
43:05 Conscription
45:53 Ring Archer Armor
45:25 Bracer
Connection lost

Rejoining the realm…

Still unreachable

The connection could not be restored.

Session expired

The server has moved on; the page needs a fresh start.